Map: Katalyse LE

Players

Maniaac

  • Race: Protoss Protoss
  • Spawn Location: 5:00

ChillZoockt - Winner!

  • Race: Terran Terran
  • Spawn Location: 11:00

VOD

Have the link to the VOD?

Description

Time

  • Played on: Nov. 18, 2017, 2:14 p.m.
  • Length: 9:19
Show
View Real Time Build Order
Export as new Build Order

Maniaac Protoss 

Build Orders:  

Get SALT Encoding   

  12  0:08  Probe (Chrono Boost)  
  13  0:20  Probe  
  14  0:32  Probe  
  15  0:38  Assimilator  
  15  0:42  Pylon  
  15  0:47  Assimilator  
  15  1:00  Probe  
  16  1:06  Gateway  
  16  1:13  Probe  
  17  1:25  Probe  
  17  1:27  Pylon  
  18  1:40  Forge  
  18  1:41  Probe  
  19  1:53  Probe  
  20  1:59  Cybernetics Core  
  20  2:02  Gateway  
  20  2:30  Nexus  
  20  2:31  Probe  
  21  2:43  Pylon  
  21  2:50  Assimilator  
  21  2:58  Protoss Ground Weapons Level 1 (Chrono Boost)  
  21  3:00  Probe  
  21  3:04  Gateway  
  22  3:15  Pylon  
  22  3:23  Pylon  
  22  3:27  Pylon  
  22  3:37  Warp Gate (Chrono Boost)  
  22  3:46  Stalker  
  24  3:48  Stalker  
  26  4:05  Probe  
  27  4:15  Probe  
  29  4:17  Probe  
  29  4:19  Gateway  
  29  4:23  Gateway  
  29  4:36  Probe  
  30  4:45  Assimilator  
  30  4:48  Probe  
  31  5:03  Adept  
  31  5:04  Adept  
  31  5:06  Adept  
  36  5:15  Forge  
  36  5:19  Pylon  
  36  5:23  Pylon  
  36  5:27  Pylon  
  35  5:31  Pylon  
  35  5:35  Pylon  
  34  5:50  Stargate  
  34  5:51  Stargate  
  33  5:57  Photon Cannon  
  33  5:59  Photon Cannon  
  33  6:07  Twilight Council  
  32  6:35  Probe  
  33  6:40  Pylon  
  33  6:45  Gateway  
  33  6:51  Gateway  
  33  6:52  Gateway  
  33  6:59  Oracle  
  36  7:07  Probe  
  37  7:11  Resonating Glaives  
  37  7:19  Probe  
  32  7:39  Adept  
  32  7:40  Adept x2  
  16  7:59  Adept  
  16  8:00  Adept  
  18  8:10  Adept  
  18  8:29  Adept  
  18  8:30  Adept  
  20  8:40  Adept  
Show
View Real Time Build Order
Export as new Build Order

ChillZoockt Terran - Winner!

Build Orders:  

Get SALT Encoding   

  12  0:02  SCV  
  13  0:16  Supply Depot  
  13  0:18  SCV  
  14  0:30  SCV  
  15  0:41  Supply Depot  
  15  0:42  SCV  
  16  0:54  SCV  
  17  1:06  SCV  
  17  1:10  Barracks  
  18  1:19  SCV  
  19  1:31  SCV  
  20  1:36  Command Center  
  20  1:43  SCV  
  21  1:54  Supply Depot  
  21  1:55  SCV  
  22  2:04  Marine  
  23  2:09  Barracks  
  23  2:19  SCV  
  23  2:21  Marine  
  25  2:45  Supply Depot  
  25  2:48  Marine  
  26  2:52  SCV  
  27  3:01  SCV  
  27  3:02  Marine  
  27  3:04  SCV  
  30  3:06  Marine  
  31  3:13  SCV  
  31  3:15  Supply Depot  
  31  3:16  SCV  
  33  3:20  Marine  
  33  3:24  Marine  
  35  3:38  Marine  
  36  3:41  Marine  
  36  3:46  Barracks  
  37  3:56  Marine  
  37  3:59  Marine  
  39  4:04  Barracks  
  39  4:07  SCV  
  40  4:12  SCV  
  40  4:13  Marine  
  42  4:17  Marine  
  42  4:20  SCV  
  44  4:24  SCV  
  45  4:31  Marine  
  45  4:32  SCV  
  45  4:35  Marine  
  45  4:36  SCV  
  45  4:37  Barracks  
  49  4:39  Barracks  
  49  4:44  SCV  
  50  4:56  SCV  
  51  5:02  Marine x2  
  51  5:03  Marine x2  
  55  5:18  Supply Depot  
  55  5:20  Marine x2  
  55  5:21  Marine x2  
  57  5:23  Supply Depot  
  59  5:32  Marine x2  
  61  5:38  Marine x2  
  61  5:39  Barracks, Marine x2  
  65  5:43  Barracks  
  65  5:50  Marine x2  
  65  5:55  Marine  
  65  5:56  Marine x2  
  70  5:57  Marine  
  71  6:08  Marine x2  
  73  6:22  Marine  
  73  6:23  Marine x3  
  76  6:25  Marine  
  76  6:26  Marine  
  76  6:30  Marine x2  
  80  6:40  Marine x2  
  80  6:41  Marine x2  
  80  6:43  Marine x2  
  80  6:45  Barracks  
  80  6:46  Barracks  
  86  6:50  Supply Depot  
  86  6:54  Supply Depot  
  86  7:10  Orbital Command  
  86  7:11  Marine x8  
  86  7:12  Orbital Command  
  94  7:19  Supply Depot  
  94  7:22  Supply Depot  
  94  7:29  Marine x8  
  87  7:47  Marine x8  
  87  7:50  Marine  
  87  7:51  Marine  
  92  8:05  Marine x8  
  96  8:08  Marine x2  
  94  8:15  Supply Depot  
  94  8:16  Supply Depot  
  90  8:23  Marine x8  
  90  8:26  Marine x2  
  98  8:41  Marine x8  
  103  8:44  Marine x2  
  105  8:58  Marine x8  
Tags
 
Matchup
PvT
Spawn Locations
Cross Positions
Add a new tag
Caveats
  • Supply blocks, unpowered buildings, or Contaminate may cause inaccurate times.
  • Supply counts are checked every 10 seconds.